 Dungeon Crawl Stone Soup version 0.28.0-53-g5a82cb258f (webtiles) character file.

Game seed: 684945206943083332

56 SanguineChosen the Cudgeller (level 3, 0/24 HPs)
             Began as a Gargoyle Monk on June 28, 2022.
             Slain by a bat (1 damage)
             ... on level 2 of the Dungeon.
             The game lasted 00:06:19 (2196 turns).

SanguineChosen the Cudgeller (Gargoyle Monk)        Turns: 2196, Time: 00:06:19

Health: 0/24       AC:  6    Str: 16    XL:     3   Next: 95%
Magic:  3/3        EV: 12    Int: 10    God:
Gold:   42         SH:  0    Dex: 12    Spells: 2/2 levels left

rFire   + . .      SeeInvis .   a - +0 mace
rCold   . . .      Faith    .   (no shield)
rNeg    + . .      Spirit   .   c - +0 leather armour
rPois   ∞          Reflect  .   (no helmet)
rElec   +          Harm     .   (no cloak)
rCorr   .          Rampage  .   (no gloves)
Will    .....                   (no boots)
Stlth   ++........              (no amulet)
HPRegen 0.08/turn               e - ring of protection from fire
MPRegen 0.08/turn               (no ring)

@: no status effects
A: sickness immunity, AC +3, negative energy resistance 1, electricity
resistance, torment resistance 1, petrification resistance
a: no special abilities


You were on level 2 of the Dungeon.
You visited 1 branch of the dungeon, and saw 2 of its levels.

You collected 42 gold pieces.

Inventory:

Hand Weapons
 a - a +0 mace (weapon)
Armour
 b - a +0 robe
 c - a +0 leather armour (worn)
Jewellery
 e - a ring of protection from fire (left hand)


   Skills:
 * Level 3.7 Fighting
 * Level 3.8 Maces & Flails
 * Level 1.2 Armour
 + Level 2.6 Dodging
 * Level 2.5 Stealth


You had 2 spell levels left.
You didn't know any spells.
Your spell library was empty.

Dungeon Overview and Level Annotations

Branches:
Dungeon (2/15)

Altars:


Innate Abilities, Weirdness & Mutations

You are immune to sickness and miasma.
Your stone body is resilient. (AC +3)
You are immune to poison.
You resist negative energy. (rN+)
You are resistant to electric shocks. (rElec)
You are resistant to unholy torment.
You are immune to petrification.


Message History

Press: ? - help, Dir - move target, f - you Blink to where?
Press: ? - help, Dir - move target, f - you Blink to where?
Press: ? - help, Dir - move target, f - you
Okay, then.
As you read the scroll labelled ICIELE UGIONWO, it crumbles to dust.
It was a scroll of blinking.
The bat hits you but does no damage.
You hit the necrophage.
The necrophage is lightly damaged.
The necrophage hits you.
Sorry, you're not good enough to have a special ability.
Sorry, you're not good enough to have a special ability.
You hit the necrophage.
The necrophage is lightly damaged.
The necrophage completely misses you.
You hit the necrophage but do no damage.
The necrophage is lightly damaged.
The necrophage closely misses you.
An adder comes into view.
You closely miss the necrophage.
The necrophage is lightly damaged.
The necrophage hits you.
* * * LOW HITPOINT WARNING * * *
You closely miss the necrophage.
The necrophage is lightly damaged.
The necrophage hits you.
* * * LOW HITPOINT WARNING * * *
The necrophage closely misses you.
The adder hisses angrily.
The bat barely misses you.
Found a stone staircase leading down.
The bat closely misses you. The bat hits you but does no damage.
The bat barely misses you. The bat hits you but does no damage.
You closely miss the bat. The bat hits you but does no damage.
The bat hits you.
* * * LOW HITPOINT WARNING * * *
You closely miss the bat. The bat hits you.
You die...

####### ###.....#
#.......#
#########.#.....#####
#>..@bnS.............
#.###########.######.
#####...b...# #.
.......S##### #.
.....§.§§.# ##
...)..§§#n#########
.......§§§§........
........#§#########
#########§### #


You could see a necrophage, an adder and a bat.

Vanquished Creatures
  2 adders (D:2)
  A worm (D:2)
  3 endoplasms (D:1)
  6 giant cockroaches
  2 hobgoblins
  2 kobolds (D:2)
  2 quokkas (D:2)
  6 ball pythons
  A frilled lizard (D:1)
  3 goblins
  5 rats
33 creatures vanquished.

Notes
Turn   | Place    | Note
-------+----------+-------------------------------------------
     0 | D:1      | SanguineChosen the Gargoyle Monk began the quest for the
                  | Orb.
     0 | D:1      | Reached XP level 1. HP: 14/14 MP: 1/1
    85 | D:1      | Found a faded altar of an unknown god.
   381 | D:1      | Reached XP level 2. HP: 16/19 MP: 2/2
  1185 | D:2      | Reached XP level 3. HP: 14/24 MP: 3/3
  1859 | D:2      | Reached skill level 1 in Armour
  2140 | D:2      | Noticed a necrophage
  2183 | D:2      | HP: 1/24 [necrophage (6)]
  2195 | D:2      | HP: 1/24 [bat (1)]
  2196 | D:2      | Slain by a bat

Illustrated notes

Levels and vault maps discovered:
D:1:      evilmike_arrival_rings, layout_loops_ring,
          shapermc_ecumenical_altar_starsandcircs
D:2:      layout_basic, basic_altar, minmay_pentomino_p4

Skill      XL: |  1  2  3 |
---------------+----------+-----
Armour         | 1 |  1.2
Fighting       | |  3.7
Maces & Flails | |  3.8
Dodging        | |  2.6
Stealth        | |  2.5

Action                   || total
-------------------------++-------
Melee: Mace              ||   113
       Punch             ||     2
  Use: Scroll            ||     3
       Potion            ||     1
 Stab: Sleeping          ||     5
Armor: Robe              ||     2
       Leather armour    ||    64
Dodge: Dodged            ||    90
